 Dungeon Crawl Stone Soup version 0.30-a0-852-g08b95dd62f (webtiles) character file.

Game seed: 12795670786228858010

175 jimonade the Magician (level 5, -10/39 HPs)
             Began as a Djinni Warper on Mar 4, 2023.
             Mangled by an ice beast (15 damage)
             ... on level 4 of the Dungeon.
             The game lasted 00:05:54 (2655 turns).

jimonade the Magician (Djinni Warper)               Turns: 2655, Time: 00:05:54

Health: -10/39     AC:  4    Str: 12    XL:     5   Next: 86%
Gold:   91         EV: 12    Int: 14    God:
                   SH:  0    Dex: 13

rFire   + + .      SeeInvis .    a - +1 whip (vamp)
rCold   x . .      Faith    .    (no shield)
rNeg    . . .      Spirit   .    b - +1 leather armour
rPois   ∞          Reflect  .    (no helmet)
rElec   .          Rampage  .    (no cloak)
rCorr   .                        (no gloves)
Will    .....                    (boots unavailable)
Stlth   +                        (no amulet)
HPRegen 0.26/turn                (no ring)
MPRegen 0.00/turn                (no ring)

@: flying
A: sickness immunity, fire resistance 2, cold vulnerability 1, float, innate
caster, HP casting, extra vitality 1
a: no special abilities


You were on level 4 of the Dungeon.
You visited 1 branch of the dungeon, and saw 4 of its levels.

You collected 91 gold pieces.

Inventory:

Hand Weapons
 a - a +1 vampiric whip (weapon)
 e - a +0 short sword
 g - a +0 falchion
Missiles
 d - 7 boomerangs of dispersal
 f - 37 stones
 i - 2 throwing nets
 o - 3 poisoned darts
 s - 2 boomerangs
Armour
 b - a +1 leather armour (worn)
Wands
 n - a wand of flame (17)
 u - a wand of acid (7)
Scrolls
 j - a scroll of identify
 k - 2 scrolls of vulnerability
 l - a scroll of teleportation
Potions
 c - a potion of mutation {unknown}
 h - 3 potions of haste
 m - 2 potions of lignification {unknown}
 p - 2 potions of ambrosia {unknown}
 q - 2 potions of berserk rage {unknown}
 r - a potion of curing {unknown}


   Skills:
 + Level 2.6 Fighting
 + Level 2.1 Long Blades
 + Level 1.2 Maces & Flails
 + Level 0.7 Throwing
 + Level 1.8 Armour
 + Level 2.8 Dodging
 + Level 0.1 Stealth
 * Level 3.6 Spellcasting


You knew the following spells:

 Your Spells              Type           Power      Damage    Failure   Level
a - Blink                 Tloc           24%        N/A       9%          2
b - Lesser Beckoning      Tloc           24%        N/A       9%          2
c - Vhi's Electric Charg  Tloc/Air       24%        N/A       17%         3
d - Teleport Other        Tloc           12%        N/A       17%         3
e - Manifold Assault      Tloc           12%        N/A       50%         4
f - Necrotise             Necr           48%        1d6       6%          1
g - Scorch                Fire           24%        2d6       9%          2
Your spell library was empty.

Dungeon Overview and Level Annotations

Branches:
Dungeon (4/15)
 Temple: D:4-7

Altars:
Xom

Annotations:
D:3 1 runed translucent door, Crazy Yiuf


Innate Abilities, Weirdness & Mutations

You are immune to sickness and miasma.
You are immune to poison.
Your flesh is very heat resistant. (rF++)
You are vulnerable to cold. (rC-)
You float through the air rather than walking.
You learn spells naturally, not from books.
Your magical power is your life essence.
You have superior vitality. (+4 MHP)


Message History

There is a stone staircase leading up here.
A ball python comes into view.
You see here 12 gold pieces.
You now have 91 gold pieces (gained 12).
The ball python hisses angrily.
An ice beast comes into view.
The ball python bites you but does no damage.
The ball python grabs you. The ball python constricts you.
You barely miss the ball python.
The ball python bites you but does no damage.
The ball python constricts you.
You escape the ball python's grasp.
The ball python attacks as you move away!
The ball python closely misses you.
The ball python attacks as you move away!
The ball python bites you but does no damage.
Casting: Scorch (safe; 9% risk of failure)
Confirm with . or Enter, or press ? or * to list all spells.
Okay, then.
Flames lash the ball python.
You kill the ball python!
Flames lash the ice beast but do no damage.
You hear a bark!
Flames lash the ice beast.
The ice beast melts!
The ice beast is moderately wounded.
The ice beast's fire resistance burns away.
Flames lash the ice beast.
The ice beast melts!
The ice beast is moderately wounded.
The ice beast hits you. The ice beast freezes you!!
You feel a terrible chill!
* * * LOW HITPOINT WARNING * * *
You are too injured to fight recklessly!
Casting: Scorch (safe; 9% risk of failure)
Press: ? - help, Q - select action, (/) - cycle Dir - look around, f - activate Flames lash the ice beast.
The ice beast melts!
The ice beast is heavily wounded.
* * * LOW HITPOINT WARNING * * *
The ice beast hits you.
* * * LOW HITPOINT WARNING * * *
The ice beast freezes you!
You feel a terrible chill!
You die...

#..............
#.....<........
#...........)..#
#..............#
#............... ...
#............>. . ...
####........... .. ....
####.......##..^..
.....#......@...+ ....
.....#.......Y..##.....
.......................
.#....................
#...)<...............
#....................
#...)[...............
#....................
#....................


You could see an ice beast (combustible).

Vanquished Creatures
  Jessica (D:2)
  Ijyb (D:3)
  3 adders
  A worm (D:3)
  2 dart slugs
  4 orcs
  9 ball pythons
  5 endoplasms
  3 giant cockroaches (D:1)
  10 goblins
  7 hobgoblins
  6 jackals
  11 kobolds
  A quokka (D:2)
  7 bats
  8 frilled lizards
  4 rats
83 creatures vanquished.

Vanquished Creatures (collateral kills)
  A goblin (D:2)
1 creature vanquished.

Grand Total: 84 creatures vanquished

Notes
Turn   | Place    | Note
-------+----------+-------------------------------------------
     0 | D:1      | jimonade the Djinni Warper began the quest for the Orb.
     0 | D:1      | jimonade set off with the following spells memorised:
                  | Blink, Lesser Beckoning, Vhi's Electric Charge, Teleport
                  | Other, Manifold Assault.
     0 | D:1      | Reached XP level 1. HP: 18/18 MP: 0/0
   211 | D:1      | Reached XP level 2. HP: 22/23 MP: 0/0
   346 | D:1      | Reached XP level 3. HP: 28/28 MP: 0/0
   346 | D:1      | Learned a level 1 spell: Necrotise
   851 | D:2      | Reached XP level 4. HP: 30/33 MP: 0/0
  1283 | D:2      | Noticed Jessica
  1291 | D:2      | Killed Jessica
  1292 | D:2      | Reached skill level 1 in Maces & Flails
  1292 | D:2      | Reached skill level 3 in Spellcasting
  1417 | D:2      | Reached XP level 5. HP: 39/39 MP: 0/0
  1417 | D:2      | Learned a level 2 spell: Scorch
  1757 | D:3      | Found a shimmering altar of Xom.
  1900 | D:3      | Noticed Ijyb
  1912 | D:3      | Killed Ijyb
  1920 | D:3      | HP: 1/39 [orc/+0 mace (3)]
  2372 | D:3      | Found a runed translucent door.
  2373 | D:3      | Noticed Crazy Yiuf
  2645 | D:4      | Noticed an ice beast
  2655 | D:4      | Mangled by an ice beast

Illustrated notes

Levels and vault maps discovered:
D:1:      amcnicky_arrival_feature_with_door, layout_basic, kennysheep_boxes
D:2:      layout_basic, uniq_jessica
D:3:      layout_loops_ring, mainiacjoe_overflow_concentric_impassable,
          uniq_ijyb, uniq_crazy_yiuf_cottage
D:4:      layout_basic, nicolae_ru_sacrificial_ziggurat,
          minmay_temple_entry_poolview, serial_shops, shop

Skill      XL: |  1  2  3  4 |
---------------+-------------+-----
Long Blades    | 2 |  2.1
Maces & Flails | 1 |  1.2
Spellcasting   | 3 |  3.6
Fighting       | |  2.6
Throwing       | |  0.7
Armour         | |  1.8
Dodging        | |  2.8
Stealth        | |  0.1

Action                     |  1- 3 |  4- 6 || total
---------------------------+-------+-------++-------
  Melee: Falchion          |    17 |       ||    17
         Whip              |   125 |    58 ||   183
         Punch             |     1 |       ||     1
   Cast: Necrotise         |     6 |    19 ||    25
         Scorch            |       |    42 ||    42
    Use: Scroll            |       |     6 ||     6
 Armour: Leather armour    |    39 |    12 ||    51
  Dodge: Dodged            |   103 |    51 ||   154

Table legend: (Time is in decaauts)
 A = Elapsed time spent in this place.
 B = Non-inter-level travel time spent in this place.
 C = Inter-level travel time spent in this place.
 D = Time resting spent in this place.
 E = Time spent auto-exploring this place.
 F = Levels seen in this place.
 G = Mean time per level.
                   A        B        C        D        E       F      G
               +--------+--------+--------+--------+--------+-----+--------+
         Total |   2677 |   2601 |     76 |    385 |   1496 |   4 |  669.2 |
       Dungeon |   2677 |   2601 |     76 |    385 |   1496 |   4 |  669.2 |
               +--------+--------+--------+--------+--------+-----+--------+

Top non-repeatable levels by time:
     D:2: 1029 daAuts
     D:3: 815 daAuts
     D:1: 773 daAuts
     D:4: 58 daAuts
